 Seeded DCSS version 0.30-a0-1053-gbd8d5ba0ad (webtiles) character file.

Game seed: 10438965823857296004 (custom seed)

1750 GigaChad the Fighter (level 9, -17/76 HPs)
             Began as a Formicid Fighter on Apr 11, 2023.
             Was an Initiate of Gozag.
             Engulfed by a steam dragon's steam (22 damage)
             ... on level 6 of the Dungeon.
             The game lasted 00:10:59 (5233 turns).

GigaChad the Fighter (Formicid Fighter)             Turns: 5233, Time: 00:10:59

Health: -17/76     AC: 13    Str: 25    XL:     9   Next: 27%
Magic:  9/9        EV:  9    Int: 12    God:    Gozag
Gold:   170        SH:  5    Dex: 16    Spells: 8/8 levels left

rFire   . . .      SeeInvis +    o - +3 glaive "Pyngyol" {elec, rC- rCorr Int+4 Dex+3}
rCold   x . .      Faith    .    c - +0 buckler
rNeg    . . .      Spirit   .    j - +0 plate armour
rPois   .          Reflect  .    (helmet unavailable)
rElec   .          Rampage  .    (no cloak)
rCorr   +                        (no gloves)
Will    .....                    (no boots) Stlth
                                 h - amulet of regeneration
HPRegen 0.00/turn                (no ring)
MPRegen 0.11/turn                (no ring)

@: gold aura, inhibited regen
A: permanent stasis, dig shafts and tunnels, antennae 3, four strong arms,
iridescent scales 1, inhibited regeneration
a: Dig, Shaft Self, Renounce Religion, Potion Petition, Call Merchant, Bribe
Branch


You were on level 6 of the Dungeon.
You worshipped Gozag.
Gozag was aware of your devotion.
You visited 2 branches of the dungeon, and saw 8 of its levels.

You collected 294 gold pieces.
You paid 124 gold pieces to Gozag.

Inventory:

Hand Weapons
 a - a +0 heavy war axe
 o - the +3 glaive "Pyngyol" (weapon) {elec, rC- rCorr Int+4 Dex+3}
   (You found it on level 2 of the Dungeon)

   Int:       It affects your intelligence (+4).
   Dex:       It affects your dexterity (+3).
   rC:        It makes you vulnerable to cold.
   rCorr:     It protects you from acid and corrosion.
Armour
 b - a +1 scale mail
 c - a +0 buckler (worn)
 i - a +0 chain mail
 j - a +0 plate armour (worn)
Jewellery
 e - a ring of wizardry
 f - a ring of wizardry
 h - an amulet of regeneration (around neck)
 u - an amulet of guardian spirit
Wands
 l - a wand of iceblast (10)
 s - a wand of flame (13)
Scrolls
 g - 2 scrolls of brand weapon
 m - 2 scrolls of immolation
 n - 3 scrolls of identify
 t - a scroll of enchant armour
Potions
 d - 2 potions of might
 k - 5 potions of curing {unknown}
 p - a potion of ambrosia {unknown}


   Skills:
 * Level 9.3 Fighting
 * Level 7.8 Axes
 - Level 2.0 Staves
 - Level 3.2 Armour
 * Level 6.1 Dodging
 * Level 8.6 Stealth
 - Level 4.0 Shields


You had 8 spell levels left.
You didn't know any spells.
Your spell library contained the following spells:

 Spells                   Type           Power      Damage    Failure   Level
 Ensorcelled Hibernation  Hex/Ice        0%         N/A       100%        2
 Sublimation of Blood     Necr           0%         N/A       100%        2
 Ozocubu's Armour         Ice            0%         N/A       100%        3
 Petrify                  Tmut/Erth      0%         N/A       100%        4
 Freezing Cloud           Conj/Ice/Air   0%         6-21      100%        5
 Irradiate                Conj/Tmut      0%         3d11      100%        5
 Polar Vortex             Ice            0%         N/A       100%        9


Dungeon Overview and Level Annotations

Branches:
Dungeon (7/15)             Temple (1/1) D:6

Altars:
Fedhas
Gozag
Okawaru


Innate Abilities, Weirdness & Mutations

You cannot be hasted, slowed, berserked, paralysed or teleported.
You can dig through walls and to a lower floor.
You have a pair of large antennae on your head. (SInv)
Your four strong arms can wield two-handed weapons with a shield.
You are partially covered in iridescent scales. (AC +2)
You do not regenerate when monsters are visible.


Message History

You feel very sick. The water moccasin closely misses you.
The water moccasin misses you.
You slash the water moccasin!
You kill the water moccasin!
You feel very sick.
The orc wizard hits you but does no damage.
You closely miss the orc wizard.
You feel very sick.
The orc wizard is distracted by your dazzling golden aura.
The orc wizard shouts!
You slice the orc wizard!!
You kill the orc wizard!
You feel sick. The ice beast barely misses you.
You slash the ice beast!
The ice beast is heavily wounded.
You feel sick. The ice beast barely misses you.
You slash the ice beast!
The ice beast is severely wounded.
You feel sick. The ice beast barely misses you.
The ice beast hits you but does no damage.
You hit the ice beast but do no damage.
The ice beast is severely wounded.
You feel sick.
You are no longer poisoned.
The ice beast closely misses you.
You barely miss the ice beast.
The ice beast is severely wounded.
The ice beast barely misses you. The ice beast closely misses you.
You hit the ice beast but do no damage.
The ice beast is severely wounded.
The ice beast barely misses you.
You slash the ice beast!
Lightning courses through the ice beast!
You kill the ice beast!
The steam dragon breathes steam at you. The ball of steam misses you.
You closely miss the steam dragon.
You are engulfed in a cloud of scalding steam.
You die...
Your body crumbles into a pile of gold.

#########
#.......#
#.#...#.####
#..###......
#######.#####.....
#@................
#D#####.###^......
#.# #..#........
#.# #.#.....####
#.# #.......# #
#.# ######.## #
... #.# # ...
##+## # $ ##...##
#


You could see a steam dragon (catching breath).

Vanquished Creatures
  A wyvern (D:7)
  A water moccasin (D:6)
  An ice beast (D:6)
  A sky beast (D:7)
  A black bear (D:4)
  The ghost of diodin the Trooper, an amateur MiFi of Cheibriados (D:4)
  A centaur (D:6)
  A scorpion (D:4)
  3 howler monkeys
  2 hounds (D:6)
  4 orc priests
  Jessica (D:2)
  4 iguanas
  2 sleepcaps
  4 orc wizards
  3 gnolls (D:5)
  11 adders
  A shadow imp (D:7)
  2 ufetubi
  2 worms
  4 dart slugs
  18 orcs
  10 ball pythons
  3 bats (D:2)
  5 endoplasms
  5 giant cockroaches
  4 goblins
  6 hobgoblins
  3 jackals (D:2)
  2 quokkas
  2 frilled lizards (D:3)
  10 kobolds
  10 rats
129 creatures vanquished.

Notes
Turn   | Place    | Note
-------+----------+-------------------------------------------
     0 | D:1      | GigaChad the Formicid Fighter began the quest for the Orb.
     0 | D:1      | Reached XP level 1. HP: 18/18 MP: 1/1
   163 | D:1      | Reached XP level 2. HP: 24/24 MP: 2/2
   201 | D:1      | Reached skill level 1 in Stealth
   369 | D:1      | Reached skill level 1 in Axes
   421 | D:1      | Reached XP level 3. HP: 24/30 MP: 3/3
   904 | D:2      | Noticed Jessica
   914 | D:2      | Killed Jessica
   915 | D:2      | Reached skill level 4 in Fighting
   915 | D:2      | Reached XP level 4. HP: 31/37 MP: 4/4
   953 | D:2      | Identified the +3 glaive "Pyngyol" {elec, rC- rCorr Int+4
                  | Dex+3}
  1323 | D:2      | Reached skill level 1 in Dodging
  1323 | D:2      | Reached XP level 5. HP: 42/42 MP: 5/5
  1621 | D:3      | Reached skill level 7 in Fighting
  1621 | D:3      | Reached skill level 5 in Dodging
  1621 | D:3      | Reached XP level 6. HP: 21/56 MP: 6/6
  1622 | D:3      | Gained mutation: You are partially covered in iridescent
                  | scales. (AC +2) [potion of mutation]
  1622 | D:3      | Gained mutation: You do not regenerate when monsters are
                  | visible. [potion of mutation]
  2733 | D:4      | Reached skill level 8 in Fighting
  2733 | D:4      | Reached XP level 7. HP: 54/62 MP: 7/7
  2865 | D:4      | Found a glowing drain.
  2911 | D:4      | Noticed diodin's ghost (amateur MiFi)
  2913 | D:4      | Found a runed translucent door.
  2992 | D:4      | Found a blossoming altar of Fedhas.
  3164 | D:5      | Entered Level 5 of the Dungeon
  3217 | D:5      | Got the Codex of the Deep Freeze
  3278 | D:5      | You fall into a shaft and drop 2 floors!
  3757 | D:7      | Noticed a wyvern
  3759 | D:7      | Killed a wyvern
  3760 | D:7      | Reached XP level 8. HP: 49/69 MP: 8/8
  4418 | D:5      | Found an iron altar of Okawaru.
  4441 | D:5      | You fall into a shaft and drop 2 floors!
  4795 | D:4      | Killed diodin's ghost
  4861 | D:6      | Found a staircase to the Ecumenical Temple.
  4883 | Temple   | Entered the Ecumenical Temple
  4893 | Temple   | Became a worshipper of Gozag Ym Sagoz the Greedy
  4963 | D:6      | Reached skill level 9 in Fighting
  4963 | D:6      | Reached XP level 9. HP: 76/76 MP: 9/9
  5233 | D:6      | Engulfed by a steam dragon's steam

Illustrated notes

Levels and vault maps discovered:
D:1:      ncdulo_wetmaze, layout_loops_ring
D:2:      layout_basic, uniq_jessica
D:3:      wad_pebble_path, layout_basic
D:4:      layout_cave_pools, fedhas_altar_fruit_tree, gup_sewer_entry_glass,
          ebering_ghost_inner_flame
D:5:      layout_rooms, mainiacjoe_overflow_small_starburst
D:6:      layout_loops_corners, minmay_temple_entry_mini_moons, serial_shops,
          nicolae_shop_hallway_plus
D:7:      layout_basic, ashenzari_altar_1
Temple:   bh_familiar_temple

Skill      XL: |  1  2  3  4  5  6  7  8 |
---------------+-------------------------+-----
Stealth        | 1 8 |  8.6
Axes           | 1 2 6 7 |  7.8
Fighting       | 4 7 8 9 |  9.3
Dodging        | 1 5 6 |  6.1
Staves         | |  2.0
Armour         | |  3.2
Shields        | |  4.0

Action                     |  1- 3 |  4- 6 |  7- 9 || total
---------------------------+-------+-------+-------++-------
  Melee: War axe           |    70 |     2 |       ||    72
         Glaive            |       |    94 |   144 ||   238
Ability: Shaft Self        |       |       |     1 ||     1
    Use: Scroll            |       |     5 |     5 ||    10
         Potion            |       |     4 |     1 ||     5
 Armour: Scale mail        |    28 |    22 |       ||    50
         Skin              |       |    21 |       ||    21
         Plate armour      |       |    13 |    92 ||   105
  Dodge: Dodged            |    46 |    37 |    64 ||   147
  Block: Buckler           |    27 |    35 |    34 ||    96

Table legend: (Time is in decaauts)
 A = Elapsed time spent in this place.
 B = Non-inter-level travel time spent in this place.
 C = Inter-level travel time spent in this place.
 D = Time resting spent in this place.
 E = Time spent auto-exploring this place.
 F = Levels seen in this place.
 G = Mean time per level.
                   A        B        C        D        E       F      G
               +--------+--------+--------+--------+--------+-----+--------+
         Total |   5398 |   5228 |    170 |   1003 |   2832 |   8 |  674.8 |
       Dungeon |   5379 |   5209 |    170 |   1003 |   2832 |   7 |  768.4 |
        Temple |     18 |     18 |      0 |      0 |      0 |   1 |   18.0 |
               +--------+--------+--------+--------+--------+-----+--------+

Top non-repeatable levels by time:
     D:3: 1088 daAuts
     D:7: 1041 daAuts
     D:2: 927 daAuts
     D:1: 735 daAuts
     D:4: 632 daAuts
     D:5: 532 daAuts
     D:6: 422 daAuts
  Temple: 18 daAuts
